Selects Luftwaffe Battlegroup
Selects Luftwaffe Pioneer Support
Fallschirmpioneer Squad Paradrop
Construct Infanterie Kompanie
Construct Panzergrenadier Kompanie
Selects Stuka Strafing Run
Selects Fallschirmjäger Squad Paradrop
Pak 40 Anti-tank Gun Team
Fallschirmjäger Squad Paradrop
Panzergrenadier Officer Quarters
Nebelwerfer 42 Rocket Launcher Team
Selects Flak 38 Anti-Air Emplacement
Nebelwerfer 42 Rocket Launcher Team
Fallschirmpioneer Squad Paradrop
Fallschirmjäger Squad Paradrop
Selects Flak 36 Anti-tank Gun Emplacement
Construct Panzer Kompanie